 Dungeon Crawl Stone Soup version 0.24.0-2-g5b39cebb1c (webtiles) character file.

Game seed: 1007672925434220245, levelgen mode: deterministic

95 Mrkan the Conjurer (level 4, 0/36 HPs)
             Began as a Draconian Conjurer on Oct 31, 2019.
             Slain by an orc priest
             ... wielding a +0 club
              (6 damage)
             ... on level 3 of the Dungeon.
             The game lasted 00:06:18 (2793 turns).

Mrkan the Conjurer (Draconian Conjurer)             Turns: 2793, Time: 00:06:18

Health: 0/36       AC:  5    Str: 11    XL:     4   Next: 40%
Magic:  6/9        EV: 12    Int: 16    God:
Gold:   119        SH:  0    Dex: 11    Spells: 8/9 levels left

rFire    . . .     SeeInvis .   a - +0 mace
rCold    . . .     Gourm    .   (no shield)
rNeg     . . .     Faith    .   (armour unavailable)
rPois    .         Spirit   .   (helmet restricted)
rElec    .         Reflect  .   (no cloak)
rCorr    .         Harm     .   (no gloves)
MR       .....                  (no boots)
Stlth    ++........             (no amulet)
HPRegen  0.12/turn              (no ring)
MPRegen  0.11/turn              (no ring)

@: very slightly contaminated
A: unfitting armour, cold-blooded, AC +5
a: no special abilities


You were on level 3 of the Dungeon.
You were not hungry.

You visited 1 branch of the dungeon, and saw 3 of its levels.

You collected 119 gold pieces.

Inventory:

Hand Weapons
 a - a +0 mace (weapon)
Scrolls
 d - 2 scrolls of identify {unknown}
 e - a scroll of noise {unknown}
 h - a scroll of remove curse {unknown}
 i - a scroll of enchant armour {unknown}
Potions
 g - a potion of haste {unknown}
 j - a potion of agility {unknown}
Comestibles
 b - 6 rations


   Skills:
 + Level 1.9 Fighting
 + Level 2.5 Dodging
 - Level 1.7 Stealth
 * Level 3.4 Spellcasting
 - Level 4.0 Conjurations


You had 8 spell levels left.
You knew the following spells:

 Your Spells              Type           Power        Failure   Level  Hunger
a - Magic Dart            Conj           ###.         3%          1    None

Your spell library contained the following spells:

 Spells                   Type           Power        Failure   Level  Hunger
 Searing Ray              Conj           ###...       5%          2    ##.....
 Dazzling Spray           Conj/Hex       #.....       24%         3    ###....
 Iskenderun's Mystic Bla  Conj           ###.....     34%         4    ####...
 Force Lance              Conj/Tloc      #.......     61%         4    ####...
 Fulminant Prism          Conj/Hex       #.........   61%         4    ####...


Dungeon Overview and Level Annotations

Branches:
Dungeon (3/15)

Altars:


Innate Abilities, Weirdness & Mutations

Your plain brown scales are hard. (AC +5)
You cannot fit into any form of body armour.
You are cold-blooded and may be slowed by cold attacks.


Message History

Press: ? - help, Shift-Dir - straight line, f/p - orc priest
Aim: an orc priest, wielding a +0 club and wearing a +0 scale mail (lightly wounded)
The magic dart hits the orc priest.
The orc priest is moderately wounded.
The orc priest invokes the aid of Beogh against you.
You barely resist.
Casting: Magic Dart (safe; 3% risk of failure)
Confirm with . or Enter, or press ? or * to list all spells.
Aiming: Magic Dart (safe; 3% risk of failure)
Press: ? - help, Shift-Dir - straight line, f/p - orc priest
Aim: an orc priest, wielding a +0 club and wearing a +0 scale mail (moderately wounded)
You miscast Magic Dart.
You are very lightly contaminated with residual magic.
You are momentarily dazzled by a flash of light!
The orc priest closely misses you.
You hit the orc priest.
The orc priest is moderately wounded.
The orc priest hits you but does no damage.
The orc priest hits you with a +0 club.
You die...

#.#.....#######.#
...####.#...........#.#
#............##......##
######.#.....##.##.#)..
#.###.####.##.#.## #.#
#.# #.##.#.## #.# #.#
#.##.#.#. #.# #.#
#.##....< #@# #.#
#.####.#. #o# #.# #.#
#.#. #)# #.# ... ....
..# #.# ##... #..# #.##
#..# .#. #... # #.## #.


You could see an orc priest.

Vanquished Creatures
  Robin (D:2)
  2 adders (D:2)
  An ooze (D:1)
  A dart slug (D:1)
  3 leopard geckos
  3 orcs (D:3)
  8 bats
  3 giant cockroaches (D:2)
  13 goblins
  4 hobgoblins
  4 kobolds (D:1)
  A quokka (D:2)
  2 frilled lizards
  6 rats
52 creatures vanquished.

Notes
Turn   | Place    | Note
-------+----------+-------------------------------------------
     0 | D:1      | Mrkan the Draconian Conjurer began the quest for the Orb.
     0 | D:1      | Reached XP level 1. HP: 14/14 MP: 3/3
    98 | D:1      | Reached XP level 2. HP: 10/22 MP: 0/5
   507 | D:1      | Reached skill level 1 in Fighting
  1012 | D:2      | Reached XP level 3. HP: 28/28 MP: 7/7
  1051 | D:2      | Noticed Robin
  1463 | D:2      | Killed Robin
  1776 | D:2      | Reached XP level 4. HP: 36/36 MP: 8/8
  2793 | D:3      | Slain by an orc priest

Levels and vault maps discovered:
D:1:      lightli_arrival_chessboard, layout_loops_ring
D:2:      layout_basic, uniq_robin, uniq_sigmund
D:3:      layout_loops_ring, first_ration, saegor_snake_ambush, uniq_ijyb

Skill      XL: |  1  2  3 |
---------------+----------+-----
Dodging        | 2 |  2.5
Fighting       | 1 |  1.9
Spellcasting   | 3 |  3.4
Stealth        | |  1.7
Conjurations   | |  4.0

Action                   |  1- 3 |  4- 6 || total
-------------------------+-------+-------++-------
Melee: Unarmed           |     8 |       ||     8
       Tailslap          |    11 |     2 ||    13
       Mace              |   100 |    60 ||   160
 Cast: Magic Dart        |    16 |     8 ||    24
  Use: Potion            |       |     1 ||     1
 Stab: Sleeping          |     5 |       ||     5
  Eat: Chunk             |     3 |     3 ||     6
Armor: Skin              |    54 |    41 ||    95
Dodge: Dodged            |   118 |    62 ||   180
